 Dungeon Crawl Stone Soup version bcrawl-1.19.2-6-g6a88ae04c9 (webtiles) character file.

Game seed: 4284655480684955713

31265 Mrkan the Grappler (level 13, -2/135 HPs)
             Began as a Troll Monk on Dec 24, 2019.
             Was a High Priest of Dithmenos.
             Killed from afar by an oklob plant (10 damage)
             ... with a splash of acid
             ... on level 3 of the Lair of Beasts.
             The game lasted 00:25:34 (11973 turns).

Mrkan the Grappler (Troll Monk)                    Turns: 11973, Time: 00:25:34

Health: -2/135     AC:  9    Str: 22    XL:     13   Next: 25%
Magic:  17/17      EV: 10    Int: 11    God:    Dithmenos [*****.]
Gold:   875        SH:  0    Dex: 12    Spells: 12/12 levels left

rFire    x . .     SeeInvis .     - Unarmed
rCold    + . .     Gourm    +   (no shield)
rNeg     . . .     Faith    .   (armour unavailable)
rPois    .         Spirit   .   P - +2 hat {MR+}
rElec    +         Reflect  .   B - +0 cloak
rCorr    .         Harm     .   (gloves unavailable)
MR       +....                  (boots unavailable)
Stlth    ++........             G - amulet of the acrobat
HPRegen  1.12/turn              q - ring of ice
MPRegen  0.15/turn              D - ring of insulation

@: corroded, wreathed by umbra
A: large, almost no armour, unfitting armour, claws 3, fast metabolism 3,
gourmand, regeneration 2, AC +10
a: Shadow Step, Shadow Form, Renounce Religion


You were on level 3 of the Lair of Beasts.
You worshipped Dithmenos.
Dithmenos was extremely pleased with you.
You were completely stuffed.

You visited 2 branches of the dungeon, and saw 14 of its levels.

You collected 875 gold pieces.

Inventory:

Armour
 B - a +0 cloak (worn)
 P - a +2 hat of magic resistance (worn)
Jewellery
 o - an uncursed amulet of rage
 q - a ring of ice (left claw)
 D - a ring of insulation (right claw)
 G - an amulet of the acrobat (around neck)
 N - an uncursed ring of stealth
Wands
 b - a wand of scattershot (3)
 f - a wand of clouds (13)
 h - a wand of digging (15)
 t - a wand of disintegration (15)
 u - a wand of acid (8)
 C - a wand of random effects (5)
 J - a wand of flame (25)
 L - a wand of iceblast (9)
Scrolls
 j - a scroll of remove curse
 k - a scroll of teleportation
 l - a scroll of enchant armour
 m - a scroll of immolation
 n - 4 scrolls of identify
 v - 2 scrolls of amnesia
 x - 2 scrolls of magic mapping
 E - 3 scrolls of fear
 K - a scroll of fog
 M - a scroll of vulnerability {unknown}
 O - a scroll of blinking
Potions
 d - 8 potions of curing
 e - 3 potions of degeneration
 g - a potion of magic {unknown}
 i - 2 potions of cancellation
 p - 3 potions of haste
 r - a potion of might
 s - 2 potions of heal wounds
 w - a potion of resistance
 z - 2 potions of ambrosia
 A - a potion of brilliance {unknown}
 F - a potion of flight
 H - a potion of berserk rage {unknown}
 I - a potion of invisibility
Miscellaneous
 y - a phial of floods
Comestibles
 a - a chunk of flesh
 c - 34 rations {!d}


   Skills:
 + Level 10.7 Fighting
 - Level 7.3 Throwing
 - Level 2.4 Dodging
 - Level 1.1 Stealth
 + Level 14.0 Unarmed Combat
 * Level 7.0 Invocations
 + Level 6.0 Evocations


You had 12 spell levels left.
You didn't know any spells.
Your spell library contained the following spells:

 Spells                   Type           Power        Failure   Level  Hunger
 Corona                   Hex            #......      34%         1    ##.....
 Flame Tongue             Conj/Fire      #....        34%         1    ##.....
 Ensorcelled Hibernation  Hex/Ice        #.....       47%         2    ###....
 Flaming Arrows           Chrm/Fire      #.......     47%         2    ###....
 Confuse                  Hex            #.......     71%         3    ####...
 Conjure Flame            Conj/Fire      #.......     71%         3    ####...
 Dazzling Spray           Conj/Hex       #.....       71%         3    ####...
 Inner Flame              Hex/Fire       N/A          71%         3    ####...
 Tukima's Dance           Hex            #.......     71%         3    ####...
 Sticky Flame             Conj/Fire      #.......     98%         4    #####..
 Fireball                 Conj/Fire      #.........   100%        5    ######.


Dungeon Overview and Level Annotations

Branches:
Dungeon (11/12)            Temple (0/1) D:7            Lair (3/6) D:8
  Swamp (0/3) Lair:3       Spider (0/3) Lair:2       Vaults (0/3) D:11
    Orc: D:8-11

Altars:
Ashenzari
Cheibriados
Dithmenos
Elyvilon
Fedhas
Lugonu
Nemelex Xobeh
Okawaru
Qazlal
Sif Muna
Trog
Xom
Yredelemnul

Annotations:
D:3 1 runed translucent door, JackS81's ghost, amateur NaAc
D:5 5 runed doors
D:7 3 runed translucent doors, Snowbuddha's ghost, novice TrMo
D:11 Rupert
Lair:2 2 transporters
Lair:3 1 runed translucent door, exclusion: 4 oklob plants, Luuwnalu's ghost, journeyman KoHu


Innate Abilities, Weirdness & Mutations

You cannot wear most types of armour.
Your thick skin is tough. (AC +10)
You are too large for most types of armour.
You have claws for hands.
Your metabolism is lightning-fast.
You like to eat raw meat.
You heal very quickly.


Message History

The oklob plant spits acid at you. The splash of acid hits you!
You are splashed with acid!
* * * LOW HITPOINT WARNING * * *
You scratch the oklob plant but do no damage.
The oklob plant is almost destroyed.
The wyvern bites you!
* * * LOW HITPOINT WARNING * * *
The cane toad hits you.
* * * LOW HITPOINT WARNING * * *
You are poisoned.
The cane toad poisons you!
You feel better. The wyvern bites you!
* * * LOW HITPOINT WARNING * * *
The elephant tramples you!
* * * LOW HITPOINT WARNING * * *
You hold your ground!
The elephant trunk-slaps you but does no damage.
The oklob plant spits acid at you. The splash of acid hits you!
You die...

####### #=.$.$# #.?...#
#.P?P.# #.P?.$#
#...P.################
##P.tP@#.#P#...##..#...
......YlF...............
..............>.........
.#...#PP##......#####P..
##..#####.....## ... ##
#....## #.# #### ##..##
.. ##..###P..# .#
####..#.##...# ..


You could see an elephant, 4 oklob plants, a cane toad, a crocodile and a
wyvern.

Vanquished Creatures
  Gastronok (Lair:2)
  Erolcha (D:10)
  2 hydras
  2 two-headed ogres
  6 death yaks (Lair:3)
  An ugly thing (D:7)
  A manticore (D:10)
  3 black mambas (Lair:1)
  4 cane toads (Lair:2)
  2 rime drakes
  4 komodo dragons
  3 jumping spiders
  Grinder (D:6)
  4 slime creatures (D:9)
  18 blink frogs
  7 hippogriffs
  2 redbacks (Lair:1)
  18 yaks
  A vampire (D:9)
  A wraith (D:10)
  2 hungry ghosts
  Eustachio (D:6)
  5 vampire mosquitoes (Lair:3)
  4 crocodiles
  3 water moccasins
  Duvessa (D:6)
  8 porcupines
  An orc warrior (D:5)
  2 phantoms
  2 sky beasts (D:7)
  3 ice beasts
  2 hornet zombies
  3 ogres
  3 wolves (Lair:1)
  2 centaurs (D:7)
  3 big kobolds
  3 bullfrogs
  A wyvern zombie (D:7)
  Dowan (D:6)
  5 scorpions
  6 killer bees (D:10)
  4 wights (D:8)
  5 crimson imps
  A bullfrog zombie (D:6)
  4 centaur zombies
  3 hounds
  8 jellies
  2 orc priests (D:5)
  2 centaur skeletons
  5 iguanas
  12 orc wizards
  3 worker ants
  A worker ant zombie (D:5)
  A howler monkey zombie (D:7)
  16 adders
  2 shadow imps
  8 oozes
  2 adder zombies (D:6)
  6 worms
  5 dart slugs
  3 leopard geckos (D:2)
  25 orcs
  5 bats
  2 giant cockroaches (D:2)
  2 goblins (D:2)
  5 hobgoblins
  12 jackals
  2 quokkas
  A frilled lizard (D:4)
  2 jackal zombies
  14 kobolds
  A quokka skeleton (D:4)
  4 rats
  A fungus (D:8)
  A plant (Lair:3)
313 creatures vanquished.

Vanquished Creatures (others)
  A human (D:11)
  2 fungi (Lair:3)
  3 plants
6 creatures vanquished.

Grand Total: 319 creatures vanquished

Notes
Turn   | Place    | Note
-------+----------+-------------------------------------------
     0 | D:1      | Mrkan the Troll Monk began the quest for the Orb.
     0 | D:1      | Reached XP level 1. HP: 22/22 MP: 1/1
   162 | D:1      | Reached XP level 2. HP: 29/29 MP: 2/2
   597 | D:2      | Reached XP level 3. HP: 20/36 MP: 3/3
   913 | D:2      | Reached skill level 4 in Unarmed Combat
  1580 | D:2      | Gained mutation: Your natural rate of healing is unusually
                  | fast. [Troll growth]
  1580 | D:2      | Reached XP level 4. HP: 43/45 MP: 4/4
  1842 | D:3      | Found a runed translucent door.
  1842 | D:3      | Noticed JackS81's ghost (amateur NaAc)
  1961 | D:3      | Found a shimmering altar of Xom.
  1967 | D:3      | Reached skill level 5 in Unarmed Combat
  1967 | D:3      | Reached XP level 5. HP: 53/53 MP: 5/5
  2009 | D:3      | Paralysed by a crimson imp for 4 turns
  2100 | D:3      | Reached XP level 6. HP: 62/62 MP: 6/6
  2156 | D:3      | Reached skill level 6 in Unarmed Combat
  2531 | D:4      | Found a shattered altar of Ashenzari.
  2575 | D:4      | Found a snail-covered altar of Cheibriados.
  2577 | D:4      | Found a corrupted altar of Lugonu.
  2580 | D:4      | Found a stormy altar of Qazlal.
  2916 | D:5      | Entered Level 5 of the Dungeon
  2959 | D:5      | Found a shadowy altar of Dithmenos.
  2977 | D:5      | Reached XP level 7. HP: 54/70 MP: 5/7
  3013 | D:5      | Reached skill level 7 in Unarmed Combat
  3027 | D:5      | Became a worshipper of Dithmenos the Shadowed
  3027 | D:5      | Reached * piety under Dithmenos
  3027 | D:5      | Reached ** piety under Dithmenos
  3071 | D:5      | Found a runed door.
  3074 | D:5      | Found a runed gate.
  3079 | D:5      | Found a runed door.
  3081 | D:5      | Found the +9 staff of Olgreb {rPois}
  3116 | D:5      | Found a runed gate.
  3134 | D:5      | Found a runed gate.
  3432 | D:5      | Noticed a two-headed ogre
  3440 | D:5      | Killed a two-headed ogre
  3440 | D:5      | Reached skill level 5 in Fighting
  3440 | D:5      | Reached skill level 9 in Unarmed Combat
  3440 | D:5      | Reached XP level 8. HP: 49/83 MP: 4/8
  3958 | D:6      | Noticed Grinder
  3968 | D:6      | Killed Grinder
  3968 | D:6      | Reached skill level 10 in Unarmed Combat
  3968 | D:6      | Reached XP level 9. HP: 89/89 MP: 9/9
  4091 | D:6      | Noticed Dowan
  4095 | D:6      | Noticed Duvessa
  4096 | D:6      | Killed Dowan
  4098 | D:6      | Noticed Eustachio
  4105 | D:6      | Killed Duvessa
  4115 | D:6      | Killed Eustachio
  4196 | D:6      | Reached skill level 11 in Unarmed Combat
  4240 | D:6      | Reached *** piety under Dithmenos
  4264 | D:6      | Found a basalt altar of Yredelemnul.
  4878 | D:7      | Reached skill level 12 in Unarmed Combat
  4878 | D:7      | Reached XP level 10. HP: 25/102 MP: 5/10
  5004 | D:7      | Found a runed translucent gate.
  5005 | D:7      | Found a runed translucent gate.
  5006 | D:7      | Found a runed translucent gate.
  5008 | D:7      | Noticed Snowbuddha's ghost (novice TrMo)
  5109 | D:7      | Found an iron altar of Okawaru.
  5110 | D:7      | Found a white marble altar of Elyvilon.
  5110 | D:7      | Found a bloodstained altar of Trog.
  5120 | D:7      | Found a shimmering blue altar of Sif Muna.
  5393 | D:7      | Noticed a white ugly thing
  5405 | D:7      | Killed a white ugly thing
  5752 | D:7      | Found a staircase to the Ecumenical Temple.
  5907 | D:8      | Found a staircase to the Lair.
  5958 | D:8      | Reached skill level 1 in Throwing
  6010 | D:8      | Noticed a two-headed ogre
  6014 | D:8      | Killed a two-headed ogre
  6110 | D:8      | Reached **** piety under Dithmenos
  6494 | D:8      | Found a blossoming altar of Fedhas.
  6961 | D:9      | Reached skill level 5 in Throwing
  6961 | D:9      | Reached XP level 11. HP: 97/113 MP: 9/11
  7569 | D:9      | Found a sparkling altar of Nemelex Xobeh.
  7616 | D:10     | Entered Level 10 of the Dungeon
  7769 | D:10     | Noticed Erolcha
  7782 | D:10     | Paralysed by Erolcha for 3 turns
  7795 | D:10     | Killed Erolcha
  7967 | D:10     | Noticed a seven-headed hydra
  7971 | D:10     | Reached ***** piety under Dithmenos
  7984 | D:10     | Killed a seven-headed hydra
  8496 | D:11     | Found a gate to the Vaults.
  8496 | D:11     | Noticed a centaur warrior
  8496 | D:11     | Noticed Rupert
  8496 | D:11     | Noticed an orc knight
  8496 | D:11     | Noticed a cyclops
  8497 | D:11     | Paralysed by Rupert for 2 turns
  8758 | Lair:1   | Entered Level 1 of the Lair of Beasts
  8777 | Lair:1   | Reached skill level 1 in Evocations
  9258 | Lair:1   | Reached skill level 13 in Unarmed Combat
  9549 | Lair:1   | Gained mutation: You heal very quickly. [Troll growth]
  9549 | Lair:1   | Reached XP level 12. HP: 20/126 MP: 13/13
  9550 | Lair:1   | HP: 6/126 [blink frog (15)]
 10093 | Lair:2   | Found a hole to the Spider Nest.
 10277 | Lair:2   | Reached skill level 10 in Fighting
 10418 | Lair:2   | Noticed a seven-headed hydra
 10423 | Lair:2   | Killed a seven-headed hydra
 10430 | Lair:2   | Found a transporter.
 10647 | Lair:2   | Found a shimmering altar of Xom.
 10681 | Lair:2   | Reached skill level 5 in Evocations
 10914 | Lair:2   | Found a transporter.
 10930 | Lair:2   | Noticed Gastronok
 10948 | Lair:2   | Killed Gastronok
 10948 | Lair:2   | Reached skill level 5 in Invocations
 11305 | Lair:3   | Found a runed translucent door.
 11446 | Lair:3   | Noticed a death yak
 11446 | Lair:3   | Noticed a death yak
 11446 | Lair:3   | Noticed a death yak
 11479 | Lair:3   | Killed a death yak
 11493 | Lair:3   | Noticed a death yak
 11495 | Lair:3   | Noticed a death yak
 11496 | Lair:3   | Noticed a death yak
 11544 | Lair:3   | Noticed Luuwnalu's ghost (journeyman KoHu)
 11557 | Lair:3   | Killed a death yak
 11569 | Lair:3   | Killed a death yak
 11574 | Lair:3   | Killed a death yak
 11574 | Lair:3   | Reached XP level 13. HP: 123/135 MP: 16/16
 11794 | Lair:3   | Found a staircase to the Swamp.
 11953 | Lair:3   | Reached skill level 14 in Unarmed Combat
 11960 | Lair:3   | Found the ring of the Mage {Wiz MR++ Int+3}
 11973 | Lair:3   | Killed from afar by an oklob plant

Skill      XL: |  1  2  3  4  5  6  7  8  9 10 11 12 13 |
---------------+----------------------------------------+-----
Unarmed Combat | 4 5 6 9 10 12 13 14 | 14.0
Fighting       | 3 4 5 6 7 8 9 10 | 10.7
Throwing       | 5 7 |  7.3
Evocations     | 3 5 6 |  6.0
Invocations    | 6 7 |  7.0
Dodging        | |  2.4
Stealth        | |  1.1

Action                   |  1- 3 |  4- 6 |  7- 9 | 10-12 | 13-15 || total
-------------------------+-------+-------+-------+-------+-------++-------
Melee: Unarmed           |    67 |   115 |   228 |   595 |    94 ||  1099
       Punch             |       |     1 |    10 |    40 |    10 ||    61
Evoke: Wand              |       |       |       |     4 |       ||     4
  Use: Scroll            |       |       |       |    23 |       ||    23
       Potion            |       |       |       |     2 |     1 ||     3
 Stab: Sleeping          |     5 |     2 |     2 |     6 |       ||    15
  Eat: Chunk             |     5 |    14 |    17 |    43 |     7 ||    86
       Ration            |       |     1 |       |     1 |       ||     2
Armor: Skin              |    18 |    48 |   118 |   197 |    23 ||   404
Dodge: Dodged            |    29 |    66 |   155 |   441 |    66 ||   757
